 Dungeon Crawl Stone Soup version 0.23.0-28-g6fe0f4d (webtiles) character file.

Game seed: 17812880603004724087

204 robertstho the Shooter (level 5, -9/41 HPs)
             Began as a Centaur Hunter on Feb 25, 2019.
             Shot with an arrow by a centaur (10 damage)
             ... on level 5 of the Dungeon.
             The game lasted 00:05:50 (3599 turns).

robertstho the Shooter (Centaur Hunter)             Turns: 3599, Time: 00:05:51

Health: -9/41      AC:  8    Str: 22    XL:     5   Next: 52%
Magic:  4/4        EV:  6    Int: 17    God:
Gold:   165        SH:  0    Dex: 10    Spells: 4/4 levels left

rFire    . . .     SeeInvis .   b - +0 short sword
rCold    . . .     Gourm    +   (no shield)
rNeg     . . .     Faith    .   o - +0 chain mail
rPois    .         Spirit   .   (no helmet)
rElec    .         Reflect  .   y - scarf {cloud immunity}
rCorr    .         Harm     .   t - +0 pair of gloves
MR       .....                  (no barding)
Stlth    ..........             q - amulet of the gourmand
HPRegen  0.13/turn              (no ring)
MPRegen  0.09/turn              (no ring)

@: mighty, brilliant, very quick
A: large, hooves 3, clever 1, deformed body, speed 2, low mp 1, sense
surroundings 1, strong 1, tough skin 3
a: no special abilities


You were on level 5 of the Dungeon.
You were completely stuffed.

You visited 1 branch of the dungeon, and saw 5 of its levels.

You collected 165 gold pieces.

Inventory:

Hand Weapons
 a - a +1 shortbow
 b - a +0 short sword (weapon)
Missiles
 d - 140 arrows
Armour
 k - a +0 plate armour
 o - a +0 chain mail (worn)
 t - a +0 pair of gloves (worn)
 y - a scarf of cloud immunity (worn)
 z - a +2 buckler
Jewellery
 q - an amulet of the gourmand (around neck)
 x - an uncursed ring of protection from cold {unknown}
Wands
 u - a wand of paralysis (5)
 w - a wand of flame (23)
 B - a wand of digging (5)
Scrolls
 e - a scroll of fear {unknown}
 g - a scroll of immolation {unknown}
 h - a scroll of enchant weapon {unknown}
 i - a scroll of teleportation
 m - 3 scrolls of fog {unknown}
 p - 3 scrolls of remove curse {unknown}
 r - a scroll of noise {unknown}
 v - 4 scrolls of identify
 E - a scroll of magic mapping {unknown}
Potions
 c - a potion of heal wounds {unknown}
 j - 2 potions of might
 l - a potion of lignification {unknown}
 n - a potion of magic {unknown}
 s - a potion of flight
Comestibles
 f - 7 rations
 A - 3 chunks of flesh


   Skills:
 - Level 2.0 Fighting
 + Level 2.4 Short Blades
 * Level 7.0 Bows
 + Level 2.0 Armour
 - Level 1.3 Dodging
 - Level 0.4 Stealth


You had 4 spell levels left.
You didn't know any spells.
Your spell library was empty.

Dungeon Overview and Level Annotations

Branches:
Dungeon (5/15)
 Temple: D:4-7

Altars:
Fedhas
Qazlal
Zin


Innate Abilities, Weirdness & Mutations

You have hooves in place of feet.
Armour fits poorly on your strangely shaped body.
You cover ground very quickly.
You have extremely tough skin. (AC +3)
Your mind is acute. (Int +2)
Your magical capacity is low. (-10% MP)
You passively map a small area around you.
Your muscles are strong. (Str +2)


Message History

It was a potion of might.
You feel very mighty all of a sudden.
The worker ant bites you but does no damage.
Wield which item (- for none, * to show all)? (? for menu, Esc to quit)
b - a +0 short sword (weapon)
The centaur shoots an arrow.
The arrow hits you.
* * * LOW HITPOINT WARNING * * *
It was a potion of mutation.
You feel extremely strange.
You feel stronger.
You feel a strange attunement to the structure of the dungeons.
You feel less energetic.
You feel clever.
The worker ant bites you but does no damage.
The centaur shoots an arrow.
The arrow hits you.
* * * LOW HITPOINT WARNING * * *
The worker ant bites you.
* * * LOW HITPOINT WARNING * * *
It was a potion of brilliance.
You feel clever all of a sudden.
The centaur shoots an arrow.
The arrow hits you!
You die...

,,
#........8#8
+........#(#
#........8#8
#..<.......
*,
#.(........
, ,
,#.c..##...#
* * #...(##
### *
+...ao#* ,
,#...@## * ,
,#....# , ,
#....#≈≈ ,
#....# ≈ _
,,+ ###+##≈
, , ,, ≈ , ,
, * , ,* * *
, , , ,


You could see a centaur, a worker ant and an orc.

Vanquished Creatures
  A bullfrog skeleton (D:3)
  2 worker ants (D:4)
  4 adders
  3 dart slugs
  4 leopard geckos
  7 orcs
  2 ball pythons
  3 giant cockroaches
  13 goblins
  7 hobgoblins
  5 jackals
  A quokka (D:3)
  8 bats
  5 frilled lizards
  3 kobolds
  5 rats
73 creatures vanquished.

Notes
Turn   | Place    | Note
-------+----------+-------------------------------------------
     0 | D:1      | robertstho the Centaur Hunter began the quest for the Orb.
     0 | D:1      | Reached XP level 1. HP: 17/17 MP: 1/1
   265 | D:1      | Reached XP level 2. HP: 23/24 MP: 2/2
   267 | D:1      | Reached skill level 6 in Bows
   640 | D:1      | Reached XP level 3. HP: 26/29 MP: 3/3
  1324 | D:2      | Reached skill level 1 in Short Blades
  1973 | D:3      | Reached skill level 1 in Armour
  2033 | D:3      | Reached XP level 4. HP: 29/36 MP: 4/4
  3023 | D:4      | Reached XP level 5. HP: 41/41 MP: 5/5
  3204 | D:4      | Found a stormy altar of Qazlal.
  3204 | D:4      | Found a glowing silver altar of Zin.
  3205 | D:4      | Found a blossoming altar of Fedhas.
  3240 | D:4      | Reached skill level 7 in Bows
  3524 | D:4      | Noticed a two-headed ogre
  3587 | D:5      | Entered Level 5 of the Dungeon
  3587 | D:5      | Noticed a centaur
  3598 | D:5      | Gained mutation: Your muscles are strong. (Str +2) [potion
                  | of mutation]
  3598 | D:5      | Gained mutation: You passively map a small area around you.
                  | [potion of mutation]
  3598 | D:5      | Gained mutation: Your magical capacity is low. (-10% MP)
                  | [potion of mutation]
  3598 | D:5      | Gained mutation: Your mind is acute. (Int +2) [potion of
                  | mutation]
  3598 | D:5      | HP: 1/41 [worker ant (5)]
  3599 | D:5      | Shot with an arrow by a centaur

Skill      XL: |  1  2  3  4  5 |
---------------+----------------+-----
Bows           | 6 7 |  7.0
Short Blades   | 1 2 |  2.4
Armour         | 1 2 |  2.0
Fighting       | |  2.0
Dodging        | |  1.3
Stealth        | |  0.4

Action                   |  1- 3 |  4- 6 || total
-------------------------+-------+-------++-------
Melee: Short sword       |   152 |   107 ||   259
       Kick              |    27 |    24 ||    51
 Fire: Shortbow          |     5 |    15 ||    20
  Use: Scroll            |     3 |       ||     3
       Potion            |       |     3 ||     3
  Eat: Chunk             |    11 |     7 ||    18
Armor: Leather armour    |    22 |       ||    22
       Chain mail        |    64 |    92 ||   156
Dodge: Dodged            |    49 |    19 ||    68
Block: Buckler           |       |     1 ||     1
